 Dungeon Crawl Stone Soup version 0.24.0-35-gdb84b6a5db (webtiles) character file.

Game seed: 390141648821509453, levelgen mode: deterministic

9198 Delamore the Severer (level 11, -4/83 HPs)
             Began as a Hill Orc Fighter on Nov 18, 2019.
             Was a Priest of Qazlal.
             Slain by a ten-headed hydra (5 damage)
             ... on level 11 of the Dungeon.
             The game lasted 00:19:03 (12586 turns).

Delamore the Severer (Hill Orc Fighter)            Turns: 12586, Time: 00:19:04

Health: -4/83      AC: 13    Str: 23    XL:     11   Next: 42%
Magic:  4/11       EV: 10    Int:  8    God:    Qazlal [***...]
Gold:   477        SH:  3    Dex: 10    Spells: 10/10 levels left

rFire    . . .     SeeInvis .   L - +0 battleaxe
rCold    . . .     Gourm    .   (shield currently unavailable)
rNeg     . . .     Faith    .   g - +0 acid dragon scales
rPois    .         Spirit   .   q - +0 helmet
rElec    .         Reflect  .   t - +2 cloak
rCorr    +         Harm     .   j - +0 pair of gloves
MR       .....                  l - +0 pair of boots
Stlth    +.........             (no amulet)
HPRegen  0.23/turn              G - ring of wizardry
MPRegen  0.12/turn              (no ring)

@: no status effects
A: no striking features
a: Upheaval, Elemental Force, Renounce Religion


You were on level 11 of the Dungeon.
You worshipped Qazlal.
Qazlal was most pleased with you.
You were not hungry.

You visited 2 branches of the dungeon, and saw 12 of its levels.

You collected 477 gold pieces.

Inventory:

Hand Weapons
 a - a +1 war axe
 L - a +0 battleaxe (weapon)
Missiles
 x - 9 curare-tipped darts
 J - a datura-tipped dart (quivered)
Armour
 c - a +0 shield
 g - +0 acid dragon scales (worn)
 j - a +0 pair of gloves (worn)
 l - a +0 pair of boots (worn)
 q - a +0 helmet (worn)
 t - a +2 cloak (worn)
 O - a +0 plate armour
Jewellery
 G - a ring of wizardry (left hand)
Wands
 v - a wand of enslavement (9)
 C - a wand of disintegration (17)
 E - a wand of scattershot (3)
 N - a wand of iceblast (6)
Scrolls
 e - 2 scrolls of fog
 h - 3 scrolls of remove curse
 i - 3 scrolls of enchant armour
 k - 2 scrolls of enchant weapon
 o - a scroll of fear
 s - 2 scrolls of magic mapping
 y - a scroll of teleportation
 z - a scroll of noise
 A - a scroll of random uselessness
 B - 5 scrolls of amnesia
 H - a scroll of blinking
 I - a scroll of immolation
 K - a scroll of holy word
Potions
 b - a potion of degeneration {unknown}
 d - 3 potions of might
 m - 5 potions of heal wounds
 n - a potion of resistance {unknown}
 p - 3 potions of lignification
 r - a potion of ambrosia {unknown}
 u - 4 potions of curing
 w - a potion of magic
 D - a potion of agility {unknown}
 F - a potion of flight {unknown}
 M - a potion of haste {unknown}
 Q - 2 potions of brilliance {unknown}
Miscellaneous
 R - a phantom mirror
Comestibles
 f - 22 rations
 P - 4 chunks of flesh


   Skills:
 - Level 3.9 Fighting
 + Level 20.4 Axes
 - Level 3.5 Armour
 - Level 3.2 Shields


You had 10 spell levels left.
You didn't know any spells.
Your spell library contained the following spells:

 Spells                   Type           Power        Failure   Level  Hunger
 Flame Tongue             Conj/Fire      #....        21%         1    ##.....
 Shock                    Conj/Air       #...         21%         1    ##.....
 Sting                    Conj/Pois      #...         21%         1    ##.....
 Poisonous Vapours        Pois/Air       #.....       32%         2    ###....
 Swiftness                Chrm/Air       #.......     32%         2    ###....
 Throw Flame              Conj/Fire      #.....       32%         2    ###....
 Conjure Flame            Conj/Fire      #.......     52%         3    ####...
 Inner Flame              Hex/Fire       #.......     52%         3    ####...
 Mephitic Cloud           Conj/Pois/Air  #.......     52%         3    ####...
 Static Discharge         Conj/Air       #.......     52%         3    ####...
 Airstrike                Air            #.........   88%         4    #####..
 Olgreb's Toxic Radiance  Pois           #.......     88%         4    #####..
 Sticky Flame             Conj/Fire      #.......     88%         4    #####..
 Fireball                 Conj/Fire      #.........   99%         5    ######.
 Lightning Bolt           Conj/Air       #.........   99%         5    ######.
 Venom Bolt               Conj/Pois      #.........   99%         5    ######.


Dungeon Overview and Level Annotations

Branches:
Dungeon (11/15)            Temple (1/1) D:7            Lair (0/6) D:11
    Orc: D:9-12

Altars:
Ashenzari
Cheibriados
Dithmenos
Elyvilon
Fedhas
Gozag
Hepliaklqana
Kikubaaqudgha
Makhleb
Nemelex Xobeh
Okawaru
Qazlal
Ru
Sif Muna
Trog
Uskayaw
Vehumet
Wu Jian
Xom
Yredelemnul
Zin
The Shining One

Shops:
D:6 *


Message History

The nine-headed hydra is almost dead.
You lop one of the nine-headed hydra's heads off!
The eight-headed hydra grows two more!
You slash the ten-headed hydra!
The ten-headed hydra is almost dead.
The ten-headed hydra bites you!
* * * LOW HITPOINT WARNING * * *
The ten-headed hydra bites you but does no damage.
The ten-headed hydra bites you.
* * * LOW HITPOINT WARNING * * *
You block the ten-headed hydra's attack.
The ten-headed hydra bites you.
* * * LOW HITPOINT WARNING * * *
The ten-headed hydra bites you!
* * * LOW HITPOINT WARNING * * *
The ten-headed hydra bites you.
* * * LOW HITPOINT WARNING * * *
The ten-headed hydra bites you.
* * * LOW HITPOINT WARNING * * *
The ten-headed hydra bites you.
You die...

##### . ..... .. .....##
... ....... ....
#.......+ .....
#######.......####....##
...)..........+.@D.....#
...............###......
.........P.P...## ......
...[.....P......##......
.#.....P.P.PP...........
...P..P.P..P..P....P...$
#.P..PPPP.P.P.PP.P..## .
....P.PP.PPP.PPPP....#
.P.P.P.P...P.....P.P.+


You could see a ten-headed hydra.

Vanquished Creatures
  A two-headed ogre (D:10)
  An ugly thing (D:11)
  A cyclops (D:10)
  A gargoyle (D:10)
  A troll (D:10)
  A hippogriff (D:7)
  A spriggan (D:10)
  6 yaks (D:10)
  A basilisk (D:10)
  Edmund (D:4)
  2 acid dragons
  A water moccasin (D:9)
  3 orc warriors
  3 porcupines (D:11)
  An ice beast (D:5)
  3 sky beasts
  3 black bears
  A necrophage (D:9)
  7 ogres
  2 phantoms
  7 centaurs
  A big kobold (D:10)
  5 bullfrogs
  A wyvern zombie (D:10)
  4 scorpions
  4 howler monkeys
  2 centaur zombies
  6 crimson imps
  A quasit (D:6)
  2 jellies
  A bullfrog zombie (D:8)
  6 hounds
  6 orc priests
  6 bullfrog skeletons
  12 orc wizards
  Natasha (twice) (D:4)
  7 worker ants
  2 hound zombies
  A howler monkey zombie (D:5)
  Robin (D:2)
  2 worker ant zombies
  7 gnolls
  9 adders
  3 shadow imps
  An ooze (D:2)
  An adder skeleton (D:5)
  2 worms
  A dart slug (D:3)
  7 leopard geckos
  34 orcs
  3 ball pythons
  7 bats
  6 giant cockroaches
  15 hobgoblins
  8 jackals
  2 quokkas
  8 frilled lizards
  12 goblins
  A jackal skeleton (D:5)
  11 kobolds
  A leopard gecko skeleton (D:5)
  A leopard gecko zombie (D:5)
  4 quokka skeletons
  7 rats
  A fungus (D:11)
272 creatures vanquished.

Vanquished Creatures (others)
  9 fungi (D:11)
  3 plants (D:11)
12 creatures vanquished.

Grand Total: 284 creatures vanquished

Notes
Turn   | Place    | Note
-------+----------+-------------------------------------------
     0 | D:1      | Delamore the Hill Orc Fighter began the quest for the Orb.
     0 | D:1      | Reached XP level 1. HP: 19/19 MP: 1/1
    25 | D:1      | Reached skill level 3 in Axes
    64 | D:1      | Reached XP level 2. HP: 22/26 MP: 2/2
   199 | D:1      | Reached skill level 4 in Axes
   688 | D:2      | Reached XP level 3. HP: 31/31 MP: 3/3
   855 | D:2      | Reached skill level 5 in Axes
   926 | D:2      | Noticed Robin
   940 | D:2      | Killed Robin
   940 | D:2      | Reached XP level 4. HP: 34/39 MP: 4/4
  1436 | D:3      | Reached skill level 6 in Axes
  1602 | D:3      | Noticed a centaur
  1611 | D:3      | Killed a centaur
  1611 | D:3      | Reached skill level 7 in Axes
  1611 | D:3      | Reached XP level 5. HP: 34/45 MP: 5/5
  2193 | D:3      | Found a glowing golden altar of the Shining One.
  2658 | D:4      | Reached skill level 8 in Axes
  2658 | D:4      | Reached XP level 6. HP: 28/51 MP: 6/6
  3504 | D:4      | Reached skill level 9 in Axes
  3570 | D:4      | Noticed Edmund
  3570 | D:4      | Noticed Natasha
  3583 | D:4      | Killed Edmund
  3583 | D:4      | Reached XP level 7. HP: 49/57 MP: 7/7
  3591 | D:4      | Killed Natasha
  3682 | D:4      | Noticed Natasha
  3690 | D:4      | Killed Natasha
  3843 | D:4      | Reached skill level 10 in Axes
  3974 | D:5      | Entered Level 5 of the Dungeon
  4262 | D:5      | Reached skill level 11 in Axes
  4573 | D:5      | Reached XP level 8. HP: 56/64 MP: 8/8
  4916 | D:5      | Reached skill level 12 in Axes
  5545 | D:5      | Reached skill level 13 in Axes
  5922 | D:6      | Found Ethrethry's General Store.
  6257 | D:6      | Reached XP level 9. HP: 70/70 MP: 9/9
  6339 | D:6      | Reached skill level 14 in Axes
  6873 | D:7      | Found a shimmering altar of Xom.
  6875 | D:7      | Found a hazy altar of Hepliaklqana.
  6875 | D:7      | Found a hazy altar of Hepliaklqana.
  6877 | D:7      | Found a glowing silver altar of Zin.
  6877 | D:7      | Found a white marble altar of Elyvilon.
  6877 | D:7      | Found a basalt altar of Yredelemnul.
  6913 | D:7      | Found a staircase to the Ecumenical Temple.
  6921 | Temple   | Entered the Ecumenical Temple
  7132 | Temple   | Became a worshipper of Qazlal Stormbringer
  7872 | D:8      | Reached skill level 15 in Axes
  7949 | D:8      | Found a shattered altar of Ashenzari.
  8074 | D:8      | Found an iron altar of Okawaru.
  8400 | D:8      | Reached skill level 16 in Axes
  8470 | D:8      | Reached * piety under Qazlal
  9551 | D:9      | Reached XP level 10. HP: 78/78 MP: 10/10
  9823 | D:9      | Found a sparkling altar of Nemelex Xobeh.
  9827 | D:9      | Reached skill level 17 in Axes
 10027 | D:10     | Entered Level 10 of the Dungeon
 10389 | D:10     | Reached ** piety under Qazlal
 10505 | D:10     | Reached skill level 18 in Axes
 10928 | D:10     | Noticed a two-headed ogre
 10936 | D:10     | Killed a two-headed ogre
 11230 | D:10     | Reached skill level 19 in Axes
 11234 | D:10     | Noticed a gargoyle
 11478 | D:10     | Reached XP level 11. HP: 72/83 MP: 11/11
 11773 | D:10     | Noticed a cyclops
 11786 | D:10     | Killed a cyclops
 12226 | D:11     | Reached skill level 20 in Axes
 12261 | D:11     | Reached *** piety under Qazlal
 12262 | D:11     | Found a staircase to the Lair.
 12281 | D:11     | Noticed a green ugly thing
 12319 | D:11     | Killed a green ugly thing
 12576 | D:11     | Noticed a seven-headed hydra
 12586 | D:11     | HP: 4/83 [ten-headed hydra (5)]
 12586 | D:11     | HP: 1/83 [ten-headed hydra (3)]
 12586 | D:11     | Slain by a ten-headed hydra

Levels and vault maps discovered:
D:1:      psy_arrival_spokes, layout_loops_ring
D:2:      layout_basic, uniq_robin
D:3:      layout_basic, hangedman_feature_mirror, tso_altar
D:4:      layout_loops_ring, first_ration, chequers_serial_rivers_small_a,
          minmay_misc_feat_more_columns, uniq_natasha, uniq_edmund
D:5:      layout_basic, serial_bayou, serial_bayou_lagoon_a,
          serial_bayou_crossing, serial_bayou_ford_a, serial_bayou_shore_b,
          serial_bayou_pond_b, serial_bayou_pond_e, st_stairs_8,
          chequers_serial_rivers_large_a
D:6:      layout_cave_pods, serial_shops, shop
D:7:      layout_basic, minmay_temple_entry_slanted, doesnt_xom_only_xom
D:8:      layout_loops_corners, kennysheep_okawaru_gauntlet,
          nicolae_ashenzari_panopticon
D:9:      layout_basic, basic_altar
D:10:     layout_basic, the_bakery
D:11:     layout_basic, due_lair_maze_entry_diamond,
          nicolae_trove_entry_free_sample
Temple:   roderic_octagonal_lattice_temple

Skill      XL: |  1  2  3  4  5  6  7  8  9 10 11 |
---------------+----------------------------------+-----
Axes           | 3 4 5 7 8 9 11 13 16 19 20 | 20.4
Fighting       | |  3.9
Armour         | |  3.5
Shields        | |  3.2

Action                   |  1- 3 |  4- 6 |  7- 9 | 10-12 || total
-------------------------+-------+-------+-------+-------++-------
Melee: War axe           |   107 |   211 |   367 |       ||   685
       Battleaxe         |       |       |    16 |   290 ||   306
Throw: Dart              |       |     1 |    12 |       ||    13
Invok: Upheaval          |       |       |       |     2 ||     2
Evoke: Wand              |       |       |       |     1 ||     1
  Use: Potion            |       |     1 |       |       ||     1
       Scroll            |       |       |    16 |     1 ||    17
 Stab: Distracted        |       |     1 |     1 |       ||     2
  Eat: Chunk             |       |     9 |    12 |    10 ||    31
       Ration            |       |       |     2 |       ||     2
Armor: Scale mail        |    53 |   117 |   131 |       ||   301
       Acid dragon scale |       |       |     9 |    86 ||    95
Dodge: Dodged            |    32 |    81 |    83 |   100 ||   296
Block: Shield            |    53 |    92 |   137 |       ||   282
       Other             |       |       |     1 |    26 ||    27
